 Dungeon Crawl Stone Soup version 0.29-a0-723-gce39da1c22 (webtiles) character file.

Game seed: 17808652694716644515

66 hquester1 the Covered (level 3, -2/33 HPs)
             Began as a Minotaur Fighter on June 28, 2022.
             Slain by a kobold
             ... wielding a +1 whip of electrocution
              (14 damage)
             ... on level 3 of the Dungeon.
             The game lasted 00:03:08 (1888 turns).

hquester1 the Covered (Minotaur Fighter)            Turns: 1888, Time: 00:03:08

Health: -2/33      AC: 12    Str: 20    XL:     3   Next: 96%
Magic:  2/2        EV:  9    Int:  5    God:
Gold:   89         SH:  4    Dex: 11    Spells: 2/2 levels left

rFire   . . .      SeeInvis .   a - +0 flail
rCold   + . .      Faith    .   c - +0 buckler
rNeg    . . .      Spirit   .   q - +2 scale mail {rC+}
rPois   .          Reflect  .   (helmet restricted)
rElec   .          Harm     .   (no cloak)
rCorr   .          Rampage  .   g - +0 pair of gloves
Will    .....                   f - +1 pair of boots
Stlth   ..........              (no amulet)
HPRegen 0.11/turn               (no ring)
MPRegen 0.08/turn               (no ring)

@: no status effects
A: horns 2, retaliatory headbutt
a: no special abilities


You were on level 3 of the Dungeon.
You visited 1 branch of the dungeon, and saw 3 of its levels.

You collected 89 gold pieces.

Inventory:

Hand Weapons
 a - a +0 flail (weapon)
 j - a +1 hand axe of distortion
 k - a +4 dagger
Armour
 c - a +0 buckler (worn)
 f - a +1 pair of boots (worn)
 g - a +0 pair of gloves (worn)
 q - a +2 scale mail of cold resistance (worn)
Jewellery
 e - a ring of fire
 n - a ring of ice
Scrolls
 b - a scroll of enchant weapon {unknown}
 h - a scroll of magic mapping {unknown}
 i - a scroll of identify {unknown}
 m - a scroll of silence {unknown}
 p - a scroll of fog {unknown}
Potions
 d - 2 potions of might
 l - a potion of curing {unknown}
 o - a potion of magic {unknown}


   Skills:
 + Level 4.2 Fighting
 + Level 3.2 Maces & Flails
 + Level 4.2 Armour
 + Level 1.2 Dodging
 + Level 4.2 Shields


You had 2 spell levels left.
You didn't know any spells.
Your spell library contained the following spells:

 Spells                   Type           Power      Damage    Failure   Level
 Apportation              Tloc           0%         N/A       88%         1
 Necrotize                Necr           0%         1d4       88%         1
 Summon Small Mammal      Summ           0%         N/A       88%         1


Dungeon Overview and Level Annotations

Branches:
Dungeon (3/15)

Altars:


Innate Abilities, Weirdness & Mutations

You have a pair of horns on your head.
You reflexively headbutt those who attack you in melee.


Message History

You drop a +0 scale mail.
You now have 84 gold pieces (gained 5).
You now have 89 gold pieces (gained 5).
You see here a +0 robe.
Found a stone staircase leading down.
A ball python comes into view.
Found a scroll labelled WEQ YQAXIR.
The ball python hisses angrily.
You barely miss the ball python. Your headbutt misses the ball python.
The ball python bites you but does no damage.
The ball python barely misses you.
You hit the ball python. Your headbutt misses the ball python.
The ball python is heavily wounded.
The ball python bites you but does no damage.
The ball python barely misses you. x2; The ball python grabs you.
The ball python constricts you.
You barely miss the ball python. Your headbutt misses the ball python.
The ball python is heavily wounded.
The ball python completely misses you. The ball python constricts you.
You hit the ball python but do no damage.
The ball python is heavily wounded.
The ball python bites you but does no damage.
The ball python constricts you.
The ball python bites you but does no damage.
The ball python constricts you.
You sock the ball python!
You kill the ball python!
You see here a ball python corpse.
b - a scroll labelled WEQ YQAXIR A kobold comes into view.
It is wielding a +1 whip of electrocution.
The kobold shouts!
The kobold hits you with a +1 whip of electrocution.
You are electrocuted!!
Ouch! That really hurt!
You closely miss the kobold. The kobold closely misses you.
You closely miss the kobold. The kobold hits you but does no damage.
You block the kobold's attack.
You completely miss the kobold. The kobold hits you but does no damage.
You are electrocuted!
You die...

##...## ######...##
#....#....#######
#....#.##........
#......#########. ##.
#.....## ########...#
#.....#######........#
#..........##.....$..#
#....#####......@K...#
#....# ####........#
#....# #........#
###### #.....!..#
#........# ##########


You could see a kobold.

Vanquished Creatures
  A gnoll (D:1)
  2 adders (D:2)
  2 endoplasms
  2 giant cockroaches (D:1)
  3 goblins
  5 hobgoblins
  2 jackals (D:2)
  6 kobolds
  A quokka (D:2)
  6 ball pythons
  2 bats
  2 frilled lizards
  2 rats
36 creatures vanquished.

Notes
Turn   | Place    | Note
-------+----------+-------------------------------------------
     0 | D:1      | hquester1 the Minotaur Fighter began the quest for the Orb.
     0 | D:1      | Reached XP level 1. HP: 19/19 MP: 0/0
   124 | D:1      | Reached XP level 2. HP: 27/27 MP: 1/1
   505 | D:1      | Found a faded altar of an unknown god.
   867 | D:1      | Reached XP level 3. HP: 33/33 MP: 2/2
  1162 | D:2      | Reached skill level 1 in Dodging
  1888 | D:3      | Slain by a kobold

Illustrated notes

Levels and vault maps discovered:
D:1:      lemuel_arrival_funnel, layout_loops_ring,
          hellmonk_ecumenical_altar_crossroads, chequers_serial_rivers_room_a,
          amcnicky_mini_rare_corridor_liquid, minmay_misc_feat_tower,
          chequers_serial_rivers_room_b
D:2:      layout_loops_ring
D:3:      layout_rooms, serial_shops, shop, corner_web_ring

Skill      XL: |  1  2  3 |
---------------+----------+-----
Fighting       | 4 |  4.2
Armour         | 4 |  4.2
Shields        | 4 |  4.2
Maces & Flails | 3 |  3.2
Dodging        | 1 |  1.2

Action                   || total
-------------------------++-------
Melee: Flail             ||    74
       Headbutt          ||     6
Armor: Scale mail        ||    33
Dodge: Dodged            ||    33
Block: Buckler           ||    15

Table legend: (Time is in decaauts)
 A = Elapsed time spent in this place.
 B = Non-inter-level travel time spent in this place.
 C = Inter-level travel time spent in this place.
 D = Time resting spent in this place.
 E = Time spent auto-exploring this place.
 F = Levels seen in this place.
 G = Mean time per level.
                   A        B        C        D        E       F      G
               +--------+--------+--------+--------+--------+-----+--------+
         Total |   1908 |   1812 |     96 |      0 |   1479 |   3 |  636.0 |
       Dungeon |   1908 |   1812 |     96 |      0 |   1479 |   3 |  636.0 |
               +--------+--------+--------+--------+--------+-----+--------+

Top non-repeatable levels by time:
     D:1: 1148 daAuts
     D:2: 647 daAuts
     D:3: 112 daAuts
